Cogmind - Beta 15 @@@ ROGUE MODE // 2025.07.30 @ 18:25:24 Player: Jiber Result: Destroyed by X-67 Chaingunner with Heavy Machine Gun Performance ------------- Evolutions (3) 1500 Regions Visited (5) 1000 Robots Destroyed (36) 180 Value Destroyed (1150) 1150 Prototype IDs (3) 60 Alien Tech Used (0) 0 Bonus (500) 500 TOTAL SCORE: 4390 Bonus ------- Entered DSFs 500 Cogmind --------- Core Integrity 0/700 Matter 260/300 Energy 125/125 System Corruption 1% Temperature Cool (0) Movement Core (400) Ox7 Location -7/DSF Parts ------- > --- POWER (1) -------- Light Ion Engine > --- PROPULSION (4) --- (None) > --- UTILITY (5) ------ Large Storage Unit Melee Analysis Suite Armor Integrity Analyzer > --- WEAPON (3) ------- (None) > --- INVENTORY (15) --- Improved Heat Sink Melee Analysis Suite Hacking Suite Hacking Suite Peak State ------------ > --- POWER ------------ Micro Nuclear Core > --- PROPULSION ------- Aluminum Leg Aluminum Leg Improved Carbon-fiber Leg Improved Carbon-fiber Leg > --- UTILITY ---------- Large Storage Unit Melee Analysis Suite Armor Integrity Analyzer Heavy Armor Plating > --- WEAPON ----------- Shock Bomb Launcher Spear Spear > --- INVENTORY -------- Light Ion Engine Light Nuclear Core Aluminum Leg Aluminum Leg Improved Heat Sink Melee Analysis Suite Heavy Armor Plating Heavy Armor Plating Hacking Suite Hacking Suite Gauss Rifle Advanced Assault Cannon Shock Bomb Launcher [Rating: 43] Favorites ----------- Power Light Ion Engine Engine Light Ion Engine Power Core Light Nuclear Core Propulsion Aluminum Leg Leg Aluminum Leg Utility Large Storage Unit Device Improved Terrain Scanner Storage Large Storage Unit Processor Machine Analyzer Hackware Hacking Suite Protection Heavy Armor Plating Weapon Light Assault Rifle Energy Gun Medium Laser Energy Cannon Advanced Beam Cannon Ballistic Gun Light Assault Rifle Ballistic Cannon Improved Light Cannon Launcher Grenade Launcher Piercing Weapon Spear Build | -11 -10 -9 -8 -7 -7 ------- Run | Yrd Mat Mat Mat Fac DSF Slots Evolved 6 | . . 2 2 2 . Power . | . . . . . . Propulsion 2 | . . 1 1 . . Utility 3 | . . 1 1 1 . Weapon 1 | . . . . 1 . Parts Attached 37 | 7 2 5 6 7 10 Power 5 | 1 . . 2 2 . Engine 3 | 1 . . 1 1 . Core 2 | . . . 1 1 . Reactor . | . . . . . . Propulsion 9 | 2 . 1 2 . 4 Treads . | . . . . . . Leg 9 | 2 . 1 2 . 4 Wheel . | . . . . . . Hover . | . . . . . . Flight . | . . . . . . Utility 12 | 2 1 3 2 1 3 Device 1 | 1 . . . . . Storage 2 | 1 1 . . . . Processor 3 | . . . . 1 2 Hackware 2 | . . 2 . . . Protection 4 | . . 1 2 . 1 Artifact . | . . . . . . Weapon 11 | 2 1 1 . 4 3 Energy Gun 1 | 1 . . . . . Energy Cannon 1 | . . 1 . . . Ballistic Gun 2 | 1 . . . . 1 Ballistic Cannon 2 | . . . . 1 1 Launcher 3 | . 1 . . 1 1 Special Weapon . | . . . . . . Impact Weapon . | . . . . . . Slashing Weapon . | . . . . . . Piercing Weapon 2 | . . . . 2 . Special Melee Weapon . | . . . . . . Unidentified Prototypes 1 | . . 1 . . . Parts Lost 24 | . . 1 2 . 21 Power 3 | . . . 1 . 2 Propulsion 9 | . . . . . 9 Utility 4 | . . . 1 . 3 Weapon 8 | . . 1 . . 7 Highest Loss Streak 10 | . . 1 1 . 10 To Critical Strikes . | . . . . . . Average Backups 9 | 2 6 10 8 12 8 Power 1 | . 1 2 . 1 1 Propulsion . | . 1 1 . 1 1 Utility 4 | . 1 5 5 6 4 Weapon 2 | 1 1 2 2 3 1 Tool/Special . | . . . . . . Unused Backups 12 | . . 4 . 4 4 Power . | . . . . . . Propulsion . | . . . . . . Utility 8 | . . 3 . 1 4 Weapon 4 | . . 1 . 3 . Tool/Special . | . . . . . . Average Slot Usage (%) 91 | . 99 97 88 91 74 Engine 6 | . 14 11 3 . . Core 3 | . . . 5 7 5 Leg 30 | . 28 33 35 30 20 Device 2 | . 14 . . . . Storage 9 | . 14 11 9 7 7 Processor 3 | . . . . 6 14 Hackware 8 | . . 18 9 7 . Protection 4 | . . 1 8 7 5 Energy Cannon 3 | . . 1 9 3 1 Ballistic Gun 8 | . 14 9 8 3 3 Launcher 6 | . 12 10 . 3 3 Piercing Weapon 2 | . . . . 7 7 Peak Build Rating 43 | 9 10 18 24 36 43 Average Rating 20 | 4 9 15 22 32 29 On Entrance 16 | . 9 10 17 24 36 Naked Turns . | . . . . . . Heaviest Build 55 | 12 28 42 45 51 55 Greatest Support 56 | 20 20 30 40 40 56 Greatest Overweight (x) 9 | . 1 1 1 1 9 Average Overweight (x) . | . . . . 1 1 Largest Inventory Capacity 15 | 8 15 15 15 15 15 Average Capacity 14 | 7 12 15 15 15 15 Most Carried 15 | 5 9 15 15 15 15 Average Carried 10 | 2 6 12 11 14 9 Final Capacity 15 | 8 15 15 15 15 15 Final Carried 15 | 2 8 15 15 15 4 Class Distribution -------------------- 54% | Mutant 25% | Hacker-Mutant 10% | Scavenger-Mutant 6% | Scavenger-Tank Dominant Class ---------------- Mutant | -10/Materials Hacker-Mutant | -9/Materials Mutant | -8/Materials Scavenger-Tank | -7/Factory Scavenger-Mutant | -7/DSF Resources | -11 -10 -9 -8 -7 -7 ----------- Run | Yrd Mat Mat Mat Fac DSF Matter Collected 987 | 261 95 186 197 . 248 Remotely . | . . . . . . Salvage Created 1443 | 72 252 267 361 . 491 Parts 82 | 4 15 15 20 . 28 Haulers Intercepted 1 | . . 1 . . . Recyclers Shooed 2 | . . . 2 . . Parts Field Recycled . | . . . . . . Retrieved Matter . | . . . . . . Parts Self-Destructed . | . . . . . . Prevented . | . . . . . . Kills | -11 -10 -9 -8 -7 -7 ------- Run | Yrd Mat Mat Mat Fac DSF Combat Hostiles Destroyed 29 | . 5 8 10 . 6 Melee 3 | . . . . . 3 Guns 5 | . . 1 3 . 1 Cannons 7 | . . . 7 . . AOE 14 | . 5 7 . . 2 Classes Destroyed 10 | 2 2 2 2 . 2 Worker 1 | . 1 . . . . Builder 1 | . . 1 . . . Tunneler 1 | 1 . . . . . Hauler 1 | . . 1 . . . Recycler 3 | 1 1 . 1 . . Swarmer 6 | . . . 6 . . Grunt 18 | . 5 8 3 . 2 Sentry 1 | . . . 1 . . Specialist 3 | . . . . . 3 Hunter 1 | . . . . . 1 Best Kill Streak 6 | 2 6 5 4 . 3 Combat Bots Only 5 | . 4 5 4 . 3 Max Kills in Single Turn 2 | 1 2 1 2 . 2 Gunslinging . | . . . . . . Exploded 2 | . 1 1 . . 2 Melee 1 | . . . . . 1 Uniques/NPCs Destroyed . | . . . . . . Combat | -11 -10 -9 -8 -7 -7 -------- Run | Yrd Mat Mat Mat Fac DSF Hostile Shots Fired 308 | . 11 30 91 . 176 Missed 80 | . 6 9 18 . 47 Hits 228 | . 5 21 73 . 129 Projectile 228 | . 5 21 73 . 129 Critical Strikes 3 | . . . 1 . 2 Damage Taken 4094 | . 77 252 753 . 3012 Core 814 | . 16 31 65 . 702 Absorbed by Shields . | . . . . . . Regen/Repaired (Parts) 32 | . 32 . . . . Core Remaining (%) 93 | 100 93 92 88 . . Volleys Fired 105 | 4 12 32 39 1 17 Largest 2 | 2 2 2 2 1 2 Hottest 98 | 70 50 98 88 36 96 Shots Fired 179 | 8 23 46 75 1 26 Gun 100 | 8 12 29 39 . 12 Cannon 45 | . . 3 36 . 6 Launcher 34 | . 11 14 . 1 8 Special . | . . . . . . Kinetic 101 | 4 12 29 39 . 17 Thermal 44 | 4 . 3 36 . 1 Explosive 25 | . 11 14 . . . Electromagnetic 9 | . . . . 1 8 Robot Hit Streak 6 | 2 3 5 6 . 5 Robot Miss Streak 5 | 2 1 3 3 . 5 Penetration Max 1 | . . . . . 1 Secondary Targets . | . . . . . . Shots Hit Robots 100 | 3 6 23 38 . 30 Core Hits 75 | 3 15 19 23 . 15 Critical Kills 1 | . . . . . 1 Critical Parts Destroyed . | . . . . . . Critical Strikes 3 | . . . . . 3 Destroy 1 | . . . . . 1 Impale 2 | . . . . . 2 Melee Attacks 23 | . . . . . 23 Impact . | . . . . . . Slashing . | . . . . . . Piercing 23 | . . . . . 23 Sneak Attacks . | . . . . . . Combat Hostiles . | . . . . . . Follow-up Attacks 2 | . . . . . 2 Damage Inflicted 2922 | 39 371 703 657 . 1152 Guns 514 | 39 17 113 188 . 157 Cannons 547 | . . . 469 . 78 Explosions 1344 | . 354 590 . . 400 Melee 517 | . . . . . 517 Ramming . | . . . . . . Kinetic 553 | . 17 113 188 . 235 Thermal 560 | 39 . . 469 . 52 Explosive 944 | . 354 590 . . . Electromagnetic 348 | . . . . . 348 Impact . | . . . . . . Slashing . | . . . . . . Piercing 517 | . . . . . 517 Highest Corruption 1 | . . . . . 1 Average Corruption 1 | . . . . . 1 Corruption Purged . | . . . . . . Corruption Blocked . | . . . . . . Effects 2 | . . . . . 2 Heat Flow Errors 1 | . . . . . 1 Data Loss (major) 1 | . . . . . 1 Overload Shots . | . . . . . . Overflow Damage 16 | . . . 12 . 4 Projectiles 16 | . . . 12 . 4 Explosions . | . . . . . . Melee . | . . . . . . Knockbacks 1 | . . . . . 1 Impact . | . . . . . . Kinetic 1 | . . . . . 1 Secondary . | . . . . . . Self-Inflicted Damage 17 | . 5 . . . 12 Shots 2 | . 1 . . . 1 Rammed . | . . . . . . Targets Rammed . | . . . . . . Kicked . | . . . . . . Crushed . | . . . . . . Highest Temperature 397 | 40 19 92 397 . 172 Average Temperature 108 | 20 8 20 149 . 93 Received Heat Transfer 699 | . 39 138 189 . 333 Effects 3 | . . . 3 . . Energy Bleed 1 | . . . 1 . . Interference 2 | . . . 2 . . Siege Activations . | . . . . . . Martial Activations . | . . . . . . Shielding Activations . | . . . . . . Robots Disrupted . | . . . . . . Combat Hostiles . | . . . . . . Robots Corrupted . | . . . . . . Combat Hostiles . | . . . . . . Parts Fried . | . . . . . . Impact Corruptions . | . . . . . . Robots Melted . | . . . . . . Combat Hostiles . | . . . . . . Parts Melted 1 | . . . 1 . . Heat Transferred 1012 | 111 . . 851 . 50 Parts Sabotaged . | . . . . . . Parts Stolen . | . . . . . . Parts Stripped . | . . . . . . Power Chain Reactions 1 | . . . . . 1 Alert | -11 -10 -9 -8 -7 -7 ------- Run | Yrd Mat Mat Mat Fac DSF Maximum Alert Level . | . . . . . . Low Security (%) 100 | 100 100 100 100 100 100 Level 1 . | . . . . . . Level 2 . | . . . . . . Level 3 . | . . . . . . Level 4 . | . . . . . . Level 5 . | . . . . . . High Security . | . . . . . . Max Security . | . . . . . . Peak Influence 143 | 10 138 131 118 31 143 Initial 39 | . . 26 39 31 . Average 45 | 1 73 35 59 4 66 Influence Increases 1049 | 10 231 302 274 19 213 Destroy 0b10 Robot/C 580 | . 100 160 200 . 120 Destroy 0b10 Robot/NC 45 | 10 10 10 5 . 10 Destroy Leader 102 | . 20 32 30 . 20 Successful Hack 43 | . 20 11 8 4 . Disable Machine 75 | . 30 30 . 15 . Destroy Structure 114 | . 51 59 1 . 3 Lose Combat Pursuer 90 | . . . 30 . 60 Influence Decreases 976 | 10 168 271 298 89 140 Entered New Map 131 | . . 37 55 39 . Time Decay 675 | 10 168 224 223 50 . Lost Part 170 | . . 10 20 . 140 Squads Dispatched 6 | . 1 2 . . 3 Investigation 1 | . . 1 . . . Extermination . | . . . . . . Reinforcement 5 | . 1 1 . . 3 Assault . | . . . . . . Garrison . | . . . . . . Intercept . | . . . . . . Searches Triggered . | . . . . . . Construction Impeded . | . . . . . . Haulers Reinforced . | . . . . . . Active Scanning Responses . | . . . . . . Cargo Convoy Interrupts . | . . . . . . Stealth | -11 -10 -9 -8 -7 -7 --------- Run | Yrd Mat Mat Mat Fac DSF Distress Signals 1 | . . . 1 . . Communications Jammed . | . . . . . . Distress Signals . | . . . . . . Times Spotted 49 | . 8 11 17 . 13 Peak Tracking Total 5 | . 3 5 5 . 5 Tactical Retreats 4 | . . . 1 . 3 Traps | -11 -10 -9 -8 -7 -7 ------- Run | Yrd Mat Mat Mat Fac DSF Traps Triggered 2 | . . . . . 2 Indirectly . | . . . . . . Trap Hack Attempts . | . . . . . . Triggered . | . . . . . . Disarmed . | . . . . . . Reprogrammed . | . . . . . . Reused . | . . . . . . Traps Extracted . | . . . . . . Installed . | . . . . . . Triggered . | . . . . . . Machines | -11 -10 -9 -8 -7 -7 ---------- Run | Yrd Mat Mat Mat Fac DSF Machines Disabled 6 | . 3 2 . 1 . Max in Single Turn 1 | . 1 1 . 1 . Machines Repaired . | . . . . . . Machines Dismantled . | . . . . . . Machines Sabotaged . | . . . . . . Overloaded Fab Kills . | . . . . . . Hacking | -11 -10 -9 -8 -7 -7 --------- Run | Yrd Mat Mat Mat Fac DSF Machines Accessed 9 | . 2 3 3 1 . Terminals 6 | . 1 2 2 1 . Fabricators . | . . . . . . Repair Stations 1 | . 1 . . . . Recycling Units . | . . . . . . Scanalyzers 2 | . . 1 1 . . Garrison Access . | . . . . . . Total Hacks 30 | . 5 11 13 1 . Successful 26 | . 4 10 11 1 . Failed 4 | . 1 1 2 . . Catastrophic . | . . . . . . Database Lockouts . | . . . . . . Manual 3 | . . . 3 . . Terminals 14 | . 3 6 4 1 . Fabricators . | . . . . . . Repair Stations 2 | . 2 . . . . Recycling Units . | . . . . . . Scanalyzers 14 | . . 5 9 . . Garrison Access . | . . . . . . Terminal Hacks 10 | . 2 5 2 1 . Record 1 | . . 1 . . . Prototype ID Bank 1 | . . 1 . . . Open DSF 1 | . . . . 1 . Level Access Points 2 | . . 1 1 . . Alert Level 1 | . . . 1 . . Locate Traps 1 | . 1 . . . . Dispatch Records 1 | . 1 . . . . Zone Layout 2 | . . 2 . . . Fabricator Hacks . | . . . . . . Repair Station Hacks 2 | . 2 . . . . Scan Component 1 | . 1 . . . . Repair 1 | . 1 . . . . Recycling Unit Hacks . | . . . . . . Scanalyzer 14 | . . 5 9 . . Insert Component 6 | . . 2 4 . . Analyze 8 | . . 3 5 . . Garrison Access Hacks . | . . . . . . Unauthorized Hacks . | . . . . . . Terminals . | . . . . . . Fabricators . | . . . . . . Repair Stations . | . . . . . . Recycling Units . | . . . . . . Scanalyzers . | . . . . . . Garrison Access . | . . . . . . Data Cores Recovered . | . . . . . . Used . | . . . . . . Hacking Detections 6 | . 2 2 2 . . Full Trace Events 2 | . 1 1 . . . Feedback Events . | . . . . . . Feedback Blocked . | . . . . . . Robot Schematics Acquired . | . . . . . . Robots Built . | . . . . . . Authchips . | . . . . . . Time . | . . . . . . Total Robot Build Rating . | . . . . . . Part Schematics Acquired 6 | . . 2 4 . . Parts Built . | . . . . . . Authchips . | . . . . . . Time . | . . . . . . Total Part Build Rating . | . . . . . . Parts Repaired 1 | . 1 . . . . Time 13 | . 13 . . . . Parts Recycled . | . . . . . . Recycled Matter . | . . . . . . Retrieved Matter . | . . . . . . Retrieved Components . | . . . . . . Parts Scanalyzed 6 | . . 2 4 . . Part Schematics Acquired 6 | . . 2 4 . . Parts Damaged 1 | . . . 1 . . Bothacking | -11 -10 -9 -8 -7 -7 ------------ Run | Yrd Mat Mat Mat Fac DSF Used RIF Installer . | . . . . . . Robots Hacked . | . . . . . . Non-combat . | . . . . . . Combat . | . . . . . . Robot Hacks Applied . | . . . . . . Relay Couplers Released . | . . . . . . Fabnet Peak Effective % . | . . . . . . Robots Rewired . | . . . . . . Allies Hacked . | . . . . . . Hacks Repelled . | . . . . . . Allies | -11 -10 -9 -8 -7 -7 -------- Run | Yrd Mat Mat Mat Fac DSF Total Allies . | . . . . . . Largest Group . | . . . . . . Highest-Rated Group . | . . . . . . Highest-Rated Ally . | . . . . . . Total Orders . | . . . . . . Ally Attacks . | . . . . . . Total Damage . | . . . . . . Kills . | . . . . . . Allies Corrupted . | . . . . . . Allies Melted . | . . . . . . Intel | -11 -10 -9 -8 -7 -7 ------- Run | Yrd Mat Mat Mat Fac DSF Active Infowar (turns) 771 | 5 413 17 . 336 . Terrain 435 | 5 413 17 . . . Machine Analysis 336 | . . . . 336 . Robot Analysis Total . | . . . . . . Derelict Logs Recovered . | . . . . . . Drone Launches . | . . . . . . Drone Recoveries . | . . . . . . Exploration | -11 -10 -9 -8 -7 -7 ------------- Run | Yrd Mat Mat Mat Fac DSF Turns Passed 2406 | 83 413 718 524 339 329 Spaces Moved 1126 | 64 222 366 205 165 104 Core 35 | 28 . . . . 7 Treads . | . . . . . . Legs 1091 | 36 222 366 205 165 97 Wheels . | . . . . . . Hover . | . . . . . . Flight . | . . . . . . Fastest Speed 50 | 50 120 120 120 190 120 Average Speed 158 | 89 160 128 186 190 193 Slowest Speed 500 | 120 190 190 190 190 500 Overloaded Moves . | . . . . . . Propulsion Burnouts . | . . . . . . Robots Hopped . | . . . . . . Potential Cave-ins . | . . . . . . Cave-ins Triggered 1 | . . . . . 1 Exploration Rate (%) 22 | 5 41 18 20 3 50 Regions Visited 5 Branch Regions . Pre-discovered Areas . | . . . . . . Known Exits Taken 3 | . . 1 1 1 . Unknown Exits Taken 2 | 1 1 . . . . Scrap Searched . | . . . . . . Spaces Dug 34 | . 21 13 . . . Terrain Destroyed 132 | . 63 65 . . 4 Melee . | . . . . . . Projectile 1 | . . . . . 1 AOE 131 | . 63 65 . . 3 Terrain Rammed . | . . . . . . Walls Destroyed . | . . . . . . Machines Disabled . | . . . . . . Actions | -11 -10 -9 -8 -7 -7 --------- Run | Yrd Mat Mat Mat Fac DSF Total 1557 | 81 258 574 280 189 175 Wait 193 | . 13 153 20 3 4 Move 1121 | 63 221 365 204 164 104 Hop . | . . . . . . Pick Up 49 | 7 8 12 8 7 7 Fast Attach 3 | 2 . . . . 1 Attach 30 | 5 1 4 5 2 13 Detach . | . . . . . . Swap 16 | . 2 1 2 7 4 Drop 19 | . 1 7 2 5 4 Fire 105 | 4 12 32 39 1 17 Melee 21 | . . . . . 21 Ram . | . . . . . . Kick . | . . . . . . Crush . | . . . . . . Escape Stasis . | . . . . . . Rewire . | . . . . . . Trap . | . . . . . . Miscellaneous . | . . . . . . Route ------- -11/Scrapyard -10/Materials (discovered 2 exits: *Mat / [*Min]) -9/Materials (discovered 3 exits: *Mat x3) -8/Materials (discovered 3 exits: *Fac x3) -7/Factory -7/DSF History --------- Turn | Location | Event 11 | -11/Scrapyard | Discovered new exit (range 15) 84 | -11/Scrapyard | Entered Materials 236 | -10/Materials | Repaired Grenade Launcher 264 | -10/Materials | Discovered new exit (range 16) 315 | -10/Materials | Build established: Mutant 391 | -10/Materials | Discovered new exit (range 12) 497 | -10/Materials | Entered another Materials area 497 | -9/Materials | Evolved 2 slots: Propulsion x1, Utility x1 619 | -9/Materials | Identified exit to Materials 910 | -9/Materials | Build established: Hacker-Mutant 1215 | -9/Materials | Entered another Materials area 1215 | -8/Materials | Evolved 2 slots: Propulsion x1, Utility x1 1264 | -8/Materials | Identified exit to Factory 1514 | -8/Materials | Build established: Mutant 1739 | -8/Materials | Entered Factory 1739 | -7/Factory | Evolved 2 slots: Utility x1, Weapon x1 1808 | -7/Factory | Identified exit to DSF 2078 | -7/Factory | Entered DSF 2126 | -7/DSF | Additional patrols routed to DSF 2170 | -7/DSF | Crushed by falling debris 2230 | -7/DSF | Lost 10 parts (1p4n2u3w) 2373 | -7/DSF | Core integrity fell below 50% 2390 | -7/DSF | Core integrity fell below 20% 2407 | -7/DSF | Destroyed by X-67 Chaingunner with Heavy Machine Gun Last Messages --------------- 02292_ Aluminum Leg destroyed. 02295_ Penetrated by Slug. 02296_ H-55 Commando destroyed. 02298_ Acquired 54 matter. 02327_ System corrupted: Heat flow error (+209). 02352_ X-67 Chaingunner suffers critical hit (Impale). 02353_ Aluminum Leg destroyed. 02356_ Lgt. Nuclear Core destroyed. 02359_ Hvy. Armor Plating destroyed. 02360_ Aluminum Leg destroyed. 02362_ X-67 Chaingunner suffers critical hit (Impale). 02364_ Gauss Rifle destroyed. 02364_ Aluminum Leg destroyed. 02368_ Adv. Beam Cannon destroyed. 02369_ Aluminum Leg destroyed. 02376_ X-67 Chaingunner destroyed. 02378_ Acquired 79 matter. 02391_ Spear destroyed. Map ----- +----------------------------------------------------+ | | | | | | | | | | | | | | | | | | | | | | | | | | | | | | | ???????????????????????????????????????????? | | ???????????????????????????????????????????? | | ???????????????????????????????????????????? | | ????????????????????????????????##?????????? | | ???????????????????????????????#""?????????? | | ???????????????????????????????#"#?????????? | | ??????????????#########???????##%####??????? | | ??????????????# ==#########"%"""#??????? | | ??????????????# ==#!!!#!!##%%"%"#??????? | | ??????????????# x! ! ! %"##"????? | | ??????????????# @! [* """""????? | | ??????????????### ###!!!# ## ""###????? | | ????????????????# #?#!!!# ### ###??????? | | ???????????????!! ?########## ##???????? | | ??????????????#!! ????????#!! #???????? | | ??????????????#!! ???????#!! #???????? | | ??????????????### ##???????### ##???????? | | ????????????????! !????????#!! #???????? | | ???????????????!! !????????#!! #???????? | | ???????????????!! !????##??#!! ##??????? | | ??????????????### #?####"##### "#??????? | | ????????????????# ###]]]"]]]# [ #??????? | | ???????????????# ]]] ]] "" % #??????? | | ??????????? !%% % ]!% !!!#??????? | | ??????????? H !!% % ! #????? | | ???????????? !!= % % !!###????? | | ????????????!!##%! ##!! "# #??????? | | ???????????????##==%??#!!!# ## #??????? | | ????????????????# ???###############??????? | | ???????????????!! ?????????????????????????? | | ??????????????/!!??????????????????????????? | | ???????????????!???????????????????????????? | | ???????????????????????????????????????????? | | ???????????????????????????????????????????? | | ???????????????????????????????????????????? | +----------------------------------------------------+ Best States ------------- Heat Dissipation 34 Energy Generation 15 Energy Capacity 160 Matter Stores 300 Matter Capacity 300 Sight Range 16 Terrain Scan Range 16 Terrain Scan Density 10 Armor Coverage 600 Evasion (%) 55 Melee Accuracy 5 Armor Integrity Analysis 30 Offensive Hacking 20 Item Schematics ----------------- Hvy. Armor Plating | -9/Materials | Scanalyzed Lgt. Nuclear Core | -9/Materials | Scanalyzed Hacking Suite | -8/Materials | Scanalyzed Spread Laser | -8/Materials | Scanalyzed Machine Analyzer | -8/Materials | Scanalyzed Lgt. Ion Engine | -8/Materials | Scanalyzed Robot Schematics ------------------ None Fabricated ------------ Nothing Repaired ---------- Grenade Launcher | 46% | -10/Materials Alien Tech Used ----------------- None Achievements -------------- None Challenges ------------ None Game ------ Seed TerrabombColdRedirector Manual? 0 Play Time 00:33:12 Cumulative 21.5 hours Start 2025.07.30 @ 17:53:33 End 2025.07.30 @ 18:25:24 Sessions 1 Manual Loads 0 Difficulty Rogue Special Mode None Game No. 33 Rogue 33 Adventurer 0 Explorer 0 Win Type - Total 0 Types 0/0/0/0/0/0/0/0/0/0 Lore% 10 Gallery% 23 Achievement% 18 Wizard Run 0 Options --------- Layout 1 ASCII 0 Keyboard 0 Movement Mouse Keybinds 0 Fullscreen 1 Font 32/SmallcapsGlow Map View 50x35 Zoom Use 0% Tactical HUD 1 Map Filters NONE Filters NONE Steam 1 RUN: 397b209d-40f6-420e-be08-9ca5146f498a